 Dungeon Crawl Stone Soup version 0.20-a0-1114-g33edf32 (webtiles) character file.

106619 urechis the Executioner (level 16, -32/208 HPs)
             Began as a Hill Orc Berserker on May 6, 2017.
             Was the Champion of Trog.
             Annihilated by an orc warlord
             ... wielding a +5 long sword of protection
              (40 damage)
             ... while paralysed by an orc sorcerer
             ... on level 2 of the Orcish Mines.
             The game lasted 00:49:50 (30783 turns).

urechis the Executioner (Hill Orc Berserker)       Turns: 30783, Time: 00:49:50

Health: -32/208    AC: 19    Str: 38    XL:     16   Next: 44%
Magic:  16/16      EV:  2    Int:  4    God:    Trog [******]
Gold:   1093       SH:  0    Dex: 18    Spells: 15/15 levels left

rFire    + . .     SeeInvis +   a - +6 executioner's axe (flame)
rCold    + . .     Gourm    .   (shield currently unavailable)
rNeg     + + .     Faith    .   L - +1 chain mail of the Farrier {rElec rN++ Int-3}
rPois    .         Spirit   .   T - +2 hat of Love and Death {rC+ Slay+5 SInv}
rElec    +         Reflect  .   P - +1 cloak
rCorr    .         Harm     .   y - +2 pair of gloves {Str+3}
MR       +....                  Q - +1 pair of boots
Stlth    ..........             N - amulet "Ytofu" {Regen+ Str+6}
Regen    0.9/turn               I - ring of see invisible
MPRegen  0.2/turn               H - ring "Oroedall" {rF+ Dex+3}

@: paralysed, berserking, lethally poisoned (-32 -> -33), drained
A: fangs 1, deformed body, strong 1
a: Berserk, Trog's Hand, Brothers in Arms, Burn Spellbooks, Renounce Religion,
Convert to Beogh


You were on level 2 of the Orcish Mines.
You worshipped Trog.
Trog was exalted by your worship.
You were very hungry.

You visited 3 branches of the dungeon, and saw 23 of its levels.
You also visited: Labyrinth and Ice Cave.

You collected 2507 gold pieces.
You spent 1414 gold pieces at shops.

Inventory:

Hand Weapons
 a - a +6 executioner's axe of flaming (weapon)
 b - a +2 antimagic executioner's axe
Armour
 y - a +2 pair of gloves of strength (worn)
 L - the +1 chain mail of the Farrier (worn) {rElec rN++ Int-3}
   (You bought it in a shop on level 2 of the Orcish Mines)

   It affects your intelligence (-3).
   It insulates you from electricity.
   It greatly protects you from negative energy.
 P - a +1 cloak (worn)
 Q - a +1 pair of boots (worn)
 T - the +2 hat of Love and Death (worn) {rC+ Slay+5 SInv}
   (You bought it in a shop on level 2 of the Orcish Mines)

   It affects your accuracy and damage with ranged weapons and melee attacks
   (+5).
   It protects you from cold.
   It lets you see invisible.
Jewellery
 r - an uncursed ring of poison resistance
 H - the ring "Oroedall" (right hand) {rF+ Dex+3}
   (You found it on level 13 of the Dungeon)

   [ring of protection from fire]

   It affects your dexterity (+3).
   It protects you from fire.
 I - a ring of see invisible (left hand)
 N - the amulet "Ytofu" (around neck) {Regen+ Str+6}
   (You found it on level 1 of the Lair of Beasts)

   [amulet of regeneration]

   It affects your strength (+6).
   It increases your rate of regeneration.
Wands
 h - a wand of disintegration (18/24)
 l - a wand of scattershot (5/9)
 V - a wand of acid (8/15)
Scrolls
 k - a scroll of magic mapping
 n - 3 scrolls of fog
 o - 5 scrolls of blinking
 u - 10 scrolls of remove curse
 v - 3 scrolls of enchant weapon
 w - 12 scrolls of teleportation
 z - 10 scrolls of enchant armour
 B - 3 scrolls of fear
 E - 2 scrolls of recharging
 G - a scroll of silence
 R - a scroll of holy word {unknown}
 Y - a scroll of summoning {unknown}
Potions
 d - 7 potions of cancellation
 e - a potion of degeneration {unknown}
 f - 5 potions of flight
 g - 3 potions of agility
 i - 2 potions of magic
 m - 2 potions of lignification
 q - 2 potions of ambrosia
 s - 3 potions of haste
 x - 10 potions of curing
 A - a potion of resistance
 D - 3 potions of might
 J - 5 potions of brilliance
 K - 2 potions of heal wounds
 O - 2 potions of berserk rage
Comestibles
 c - 12 bread rations
 t - 4 meat rations
 F - 10 royal jellies
 M - 3 fruits


   Skills:
 + Level 11.9(11.2) Fighting
 - Level 26.0(25.1) Axes
 + Level 11.5(10.9) Armour
 - Level 10.0(9.4) Dodging


You had 15 spell levels left.
You didn't know any spells.

Dungeon Overview and Level Annotations

Branches:
Dungeon (15/15)            Temple (0/1) D:6            Lair (6/6) D:11
  Swamp (0/4) Lair:2       Spider (0/4) Lair:3        Slime (0/5) Lair:5
    Orc (2/2) D:11            Elf (0/3) Orc:2        Vaults (0/5) D:13
 Depths (0/5) D:15

Altars:
Elyvilon
Gozag
Okawaru
Qazlal
Ru
Sif Muna
Vehumet
Wu Jian
Xom
The Shining One
Beogh

Shops:
D:6 (   D:8 [   Orc:2 [%[

Portals:
Trove: D:14 (give +7 demon trident)

Annotations:
D:13 exclusion: orange crystal statue
Lair:5 exclusion: 2 oklob plants


Innate Abilities, Weirdness & Mutations

You have very sharp teeth.
Armour fits poorly on your strangely shaped body.
Your muscles are strong. (Str +2)


Message History

The red devil hits you from afar with an enchanted trident.
* * * LOW HITPOINT WARNING * * *
The orc hits you from afar with a trident of piercing.
* * * LOW HITPOINT WARNING * * *
x2 The orc high priest prays to Beogh.
The orc hits you but does no damage.
The orc warrior hits you from afar with a glaive!
* * * LOW HITPOINT WARNING * * *
The orc sorcerer casts a spell at you.
You resist with some effort. 2 orc priests come into view.
You feel sick.
The orc priest shouts!
The orc priest shouts, "Beogh is our master!
Accept the truth or die!"
The red devil hits you from afar with an enchanted trident.
* * * LOW HITPOINT WARNING * * *
The orc warrior hits you from afar with a trident of venom.
* * * LOW HITPOINT WARNING * * *
The orc warlord hits you with a long sword of protection!!!
You die...

*## #...## ##(#.## ##.....#
#...#..## ##.......#
###.....#.## #..3.).)..#
###.o)))### #.3.oo@o..#
#..oo3oo..# *******
#..o3oo4o.# ******* *,,,,,*
#..o4.3oo.# *,,,,,*
*,,,,,**#.ooo.o...#**,,,,,*
*,,,,,,..o.3oo....o,,,,,,,*
*,,,,,,..o..o.o.....,,,,,,*
****,,,.....o.o......,,****
*,,***,,,,,,,,,***,,*


You could see an orc warlord, 3 orc knights, 3 orc high priests, a sun demon, an
orange demon, 2 sixfirhies, a smoke demon, a neqoxec, a ynoxinul, an orc
sorcerer, a red devil, 4 orc warriors, 5 orc priests, 2 orc wizards and 9 orcs.

Vanquished Creatures
  2 frost giants
  The ghost of nht the Cleaver, a journeyman FoHu of Okawaru (IceCv)
  A minotaur (Lab)
  Josephine (Orc:2)
  Snorg (D:10)
  5 catoblepae
  9 hydras
  The ghost of nht the Cleaver, a journeyman FoHu of Okawaru (D:10)
  4 centaur warriors
  10 two-headed ogres
  11 death yaks
  2 orc high priests
  Sonja (D:13)
  2 orc knights (Orc:1)
  2 orc sorcerers (Orc:2)
  5 ugly things
  4 oklob plants (Lair:3)
  19 elephants
  3 manticores
  2 cyclopes
  Joseph (D:10)
  2 black mambas
  Maurice (D:9)
  11 spiny frogs
  2 rime drakes
  7 gargoyles
  A freezing wraith (D:14)
  5 komodo dragons
  A yaktaur (D:15)
  A komodo dragon (shapeshifter) (D:13)
  3 meliai (D:15)
  9 trolls
  5 jumping spiders (Lair:3)
  Prince Ribbit (D:8)
  13 polar bears
  A hornet (D:12)
  4 blink frogs (Lair:6)
  Grinder (D:6)
  10 hippogriffs
  7 slime creatures
  2 water elementals
  4 redbacks (Lair:3)
  A spriggan (Lair:2)
  7 wraiths
  6 wyverns
  Eustachio (D:5)
  4 hogs (D:7)
  83 yaks
  A vampire (D:13)
  A human (D:7)
  6 basilisks
  2 hungry ghosts
  2 vampire mosquitoes (D:14)
  Menkaure (D:6)
  A steam dragon (D:8)
  2 wargs (Orc:1)
  A soldier ant (D:12)
  An acid dragon (D:13)
  Duvessa (D:6)
  5 porcupines
  25 orc warriors
  13 water moccasins
  3 eyes of draining
  A black bear (D:10)
  4 phantoms
  6 ice beasts
  3 sky beasts
  14 ogres
  18 wolves
  10 centaurs
  12 crocodiles
  6 big kobolds
  Blork the orc (D:6)
  13 bullfrogs
  Dowan (D:6)
  An earth elemental (Lab)
  5 scorpions
  A wyvern skeleton (D:14)
  5 wights
  8 killer bees
  2 howler monkeys (D:11)
  4 electric eels
  10 crimson imps
  3 centaur zombies
  5 hounds
  A bullfrog zombie (D:9)
  5 jellies
  27 orc priests
  27 orc wizards
  3 centaur skeletons
  3 iguanas
  Terence (D:2)
  7 worker ants
  2 hell rats (Lair:6)
  A gnoll (D:6)
  11 adders
  11 river rats (Lair:6)
  5 shadow imps
  An ooze (D:2)
  3 adder skeletons
  An adder zombie (D:6)
  2 worms (D:3)
  A dart slug (D:2)
  4 leopard geckos
  76 orcs
  3 giant cockroaches
  7 goblins
  9 hobgoblins
  15 jackals
  39 kobolds
  4 quokkas
  3 bats
  7 frilled lizards
  4 rats
  8 plants
769 creatures vanquished.

Vanquished Creatures (collateral kills)
  A hydra (D:11)
  An elephant (D:11)
  A hippogriff (D:11)
  A yak (D:11)
  An orc warrior (D:11)
  A bullfrog (D:11)
  An orc priest (D:11)
7 creatures vanquished.

Vanquished Creatures (others)
  3 vault guards (D:13)
  3 ugly things
  A gargoyle (Lab)
  2 trolls (D:12)
  2 slime creatures (D:11)
  A yak (D:12)
  A basilisk (D:11)
  A hungry ghost (D:12)
  An acid dragon (D:15)
  An orc warrior (D:11)
  A wolf (IceCv)
  An orc priest (Orc:2)
  2 fungi (Lair:6)
  5 plants
25 creatures vanquished.

Grand Total: 801 creatures vanquished

Notes
Turn   | Place    | Note
-------+----------+-------------------------------------------
     0 | D:1      | urechis the Hill Orc Berserker began the quest for the Orb.
     0 | D:1      | Reached XP level 1. HP: 19/19 MP: 1/1
   224 | D:1      | Reached XP level 2. HP: 16/27 MP: 2/2
  1522 | D:2      | Reached XP level 3. HP: 28/34 MP: 3/3
  1696 | D:2      | Reached skill level 5 in Axes
  1967 | D:2      | Reached XP level 4. HP: 40/41 MP: 4/4
  1967 | D:2      | Reached ** piety under Trog
  1967 | D:2      | Reached skill level 5 in Fighting
  2258 | D:2      | Noticed Terence
  2278 | D:2      | Killed Terence
  2278 | D:2      | Reached XP level 5. HP: 37/48 MP: 5/5
  2501 | D:2      | Reached skill level 6 in Axes
  3227 | D:3      | Found a white marble altar of Elyvilon.
  3481 | D:4      | Reached *** piety under Trog
  3533 | D:4      | Reached XP level 6. HP: 31/57 MP: 6/6
  4057 | D:4      | Reached skill level 7 in Axes
  4502 | D:5      | Entered Level 5 of the Dungeon
  4599 | D:5      | Noticed a phantom
  4659 | D:5      | Found an ornate altar of the Wu Jian Council.
  4659 | D:5      | Found an iron altar of Okawaru.
  4659 | D:5      | Found a shimmering altar of Xom.
  4842 | D:5      | Reached XP level 7. HP: 65/66 MP: 7/7
  4935 | D:5      | Found a glowing golden altar of the Shining One.
  5053 | D:5      | Reached skill level 8 in Axes
  5058 | D:5      | Gained mutation: You are robust. (+10% HP) [mutagenic meat]
  5059 | D:5      | Gained mutation: Your spells are a little easier to cast, but a little less powerful. [mutagenic meat]
  5060 | D:5      | Gained mutation: You can translocate small distances at will. [mutagenic meat]
  5061 | D:5      | Gained mutation: You are clumsy. (Dex -2) [mutagenic meat]
  5062 | D:5      | Gained mutation: You are dopey. (Int -2) [mutagenic meat]
  5146 | D:5      | Found a shimmering altar of Xom.
  5299 | D:5      | Reached skill level 9 in Axes
  5299 | D:5      | Reached XP level 8. HP: 66/82 MP: 8/8
  5563 | D:5      | Noticed Eustachio
  5888 | D:5      | Killed Eustachio
  6462 | D:6      | Noticed Dowan
  6463 | D:6      | Noticed Duvessa
  6477 | D:6      | Killed Duvessa
  6477 | D:6      | Reached skill level 10 in Axes
  6483 | D:6      | Killed Dowan
  6678 | D:6      | Found a staircase to the Ecumenical Temple.
  6687 | D:6      | Found Urrauc's Antique Weapon Emporium.
  6806 | D:6      | Noticed Grinder
  6809 | D:6      | Paralysed by Grinder for 3 turns
  6820 | D:6      | Killed Grinder
  6945 | D:6      | Reached skill level 10 in Fighting
  6945 | D:6      | Reached XP level 9. HP: 80/93 MP: 9/9
  7081 | D:6      | Noticed Blork the orc
  7089 | D:6      | Killed Blork the orc
  7089 | D:6      | Reached skill level 11 in Axes
  7104 | D:6      | Reached skill level 14 in Axes
  7104 | D:6      | Reached XP level 10. HP: 86/102 MP: 10/10
  7429 | D:6      | Noticed Menkaure
  7433 | D:6      | Killed Menkaure
  7857 | D:6      | Reached **** piety under Trog
  8003 | D:6      | Reached skill level 15 in Axes
  8003 | D:6      | Reached skill level 10 in Armour
  8189 | D:6      | Found an opulent altar of Gozag.
  8445 | D:7      | Found a sacrificial altar of Ru.
  9078 | D:8      | Noticed a two-headed ogre
  9085 | D:8      | Reached skill level 16 in Axes
  9094 | D:8      | Killed a two-headed ogre
  9420 | D:8      | Noticed Prince Ribbit
  9436 | D:8      | Killed Prince Ribbit
  9436 | D:8      | Reached XP level 11. HP: 82/108 MP: 11/11
  9590 | D:8      | Found Eheitz's Antique Armour Boutique.
  9595 | D:8      | Bought a pair of brightly glowing gloves for 266 gold pieces
  9600 | D:8      | Identified the cursed +0 pair of gloves "Ypieg" {rN+ rCorr} (You bought it in a shop on level 8 of the Dungeon)
  9631 | D:8      | Noticed a two-headed ogre
  9652 | D:8      | Killed a two-headed ogre
  9988 | D:8      | Found a stormy altar of Qazlal.
  9992 | D:8      | Found a radiant altar of Vehumet.
 10088 | D:8      | Reached skill level 17 in Axes
 10559 | D:9      | Noticed Maurice
 10567 | D:9      | Killed Maurice
 10817 | D:9      | Noticed a two-headed ogre
 10818 | D:9      | Reached ***** piety under Trog
 10825 | D:9      | Killed a two-headed ogre
 10825 | D:9      | Reached skill level 18 in Axes
 11137 | D:9      | Noticed a two-headed ogre
 11146 | D:9      | Killed a two-headed ogre
 11268 | D:9      | Found a deep blue altar of Sif Muna.
 11480 | D:10     | Entered Level 10 of the Dungeon
 12063 | D:10     | Noticed a two-headed ogre
 12072 | D:10     | Killed a two-headed ogre
 12072 | D:10     | Reached skill level 19 in Axes
 12248 | D:10     | Reached XP level 12. HP: 116/116 MP: 12/12
 12460 | D:10     | Noticed Joseph
 12463 | D:10     | Noticed Snorg
 12471 | D:10     | Killed Joseph
 12478 | D:10     | Killed Snorg
 12951 | D:10     | Received a gift from Trog
 13163 | D:10     | Noticed nht's ghost (journeyman FoHu)
 13177 | D:10     | Killed nht's ghost
 13382 | D:11     | Reached skill level 20 in Axes
 13488 | D:11     | Noticed a two-headed ogre
 13491 | D:11     | Killed a two-headed ogre
 13604 | D:11     | Noticed a six-headed hydra
 13797 | D:10     | Noticed a two-headed ogre
 13800 | D:10     | Killed a two-headed ogre
 13842 | D:11     | Found a staircase to the Lair.
 13888 | D:11     | Killed a seven-headed hydra
 14457 | D:11     | Reached skill level 5 in Dodging
 14787 | D:11     | Noticed a centaur warrior
 14793 | D:11     | Killed a centaur warrior
 14855 | D:11     | Found a staircase to the Orcish Mines.
 15674 | D:12     | Reached XP level 13. HP: 115/124 MP: 13/13
 16551 | D:12     | Gained mutation: You are occasionally teleported next to monsters. [mutagenic meat]
 16553 | D:12     | Lost mutation: Your spells are a little easier to cast, but a little less powerful. [potion of mutation]
 16553 | D:12     | Lost mutation: You are clumsy. (Dex -2) [potion of mutation]
 16553 | D:12     | Lost mutation: You are dopey. (Int -2) [potion of mutation]
 16553 | D:12     | Lost mutation: You can translocate small distances at will. [potion of mutation]
 16553 | D:12     | Gained mutation: You are clumsy. (Dex -2) [potion of mutation]
 16553 | D:12     | Gained mutation: Your magical capacity is low. (-10% MP) [potion of mutation]
 16553 | D:12     | Gained mutation: Your mind is acute. (Int +2) [potion of mutation]
 16554 | D:12     | Lost mutation: Your magical capacity is low. (-10% MP) [potion of mutation]
 16554 | D:12     | Lost mutation: You are robust. (+10% HP) [potion of mutation]
 16554 | D:12     | Lost mutation: You are clumsy. (Dex -2) [potion of mutation]
 16554 | D:12     | Lost mutation: Your mind is acute. (Int +2) [potion of mutation]
 16554 | D:12     | Gained mutation: Armour fits poorly on your strangely shaped body. [potion of mutation]
 16554 | D:12     | Gained mutation: You are resistant to hostile enchantments. (MR+) [potion of mutation]
 16684 | D:13     | Noticed Sonja
 16859 | D:13     | Lost mutation: You are resistant to hostile enchantments. (MR+) [potion of mutation]
 16859 | D:13     | Lost mutation: Armour fits poorly on your strangely shaped body. [potion of mutation]
 16859 | D:13     | Gained mutation: Your muscles are strong. (Str +2) [potion of mutation]
 16859 | D:13     | Gained mutation: You evolve. [potion of mutation]
 16859 | D:13     | Gained mutation: You are dopey. (Int -2) [potion of mutation]
 16859 | D:13     | Gained mutation: You are agile. (Dex +2) [potion of mutation]
 17161 | D:13     | Noticed a vault guard
 17161 | D:13     | Noticed a vault guard
 17161 | D:13     | Noticed a vault guard
 17162 | D:13     | Found a gate to the Vaults.
 17162 | D:13     | Noticed a vault guard
 17168 | D:13     | Banished a vault guard
 17595 | D:13     | Banished a vault guard
 17771 | D:13     | Killed Sonja
 18128 | D:13     | Banished a vault guard
 18485 | D:13     | Got a bound jade ring
 18777 | D:13     | Lost mutation: Your muscles are strong. (Str +2) [evolution]
 18777 | D:13     | Lost mutation: You evolve. [end of evolution]
 18784 | D:13     | Identified the ring "Oroedall" {rF+ Dex+3} (You found it on level 13 of the Dungeon)
 18934 | D:13     | Banished a vault guard
 18934 | D:13     | Reached skill level 10 in Dodging
 19100 | D:14     | Gained mutation: Armour fits poorly on your strangely shaped body. [mutagenic meat]
 19102 | D:14     | Gained mutation: You have a pair of small antennae on your head. [mutagenic meat]
 19104 | D:14     | Gained mutation: Scrolls take you a little longer to read. [mutagenic meat]
 19130 | D:15     | Entered Level 15 of the Dungeon
 19135 | D:15     | Found a labyrinth entrance.
 19138 | D:15     | HP: 5/113 [meliai/divine providence (12)]
 19150 | Lab      | Entered a labyrinth
 19675 | Lab      | Reached skill level 21 in Axes
 19682 | Lab      | Reached XP level 14. HP: 82/121 MP: 14/14
 19897 | D:15     | Identified a scroll of acquirement
 20077 | D:15     | Found a staircase to the Depths.
 20077 | D:15     | Noticed a frost giant
 20083 | D:15     | Killed a frost giant
 21525 | D:14     | Reached skill level 22 in Axes
 21826 | D:14     | Found a portal to a secret trove of treasure.
 21951 | Lair:1   | Entered Level 1 of the Lair of Beasts
 22094 | Lair:1   | Lost mutation: You are agile. (Dex +2) [potion of mutation]
 22094 | Lair:1   | Lost mutation: You have a pair of small antennae on your head. [potion of mutation]
 22094 | Lair:1   | Lost mutation: You are dopey. (Int -2) [potion of mutation]
 22094 | Lair:1   | Lost mutation: Scrolls take you a little longer to read. [potion of mutation]
 22094 | Lair:1   | Gained mutation: You can translocate small distances at will. [potion of mutation]
 22095 | Lair:1   | Lost mutation: Armour fits poorly on your strangely shaped body. [potion of mutation]
 22095 | Lair:1   | Lost mutation: You are occasionally teleported next to monsters. [potion of mutation]
 22095 | Lair:1   | Lost mutation: You can translocate small distances at will. [potion of mutation]
 22095 | Lair:1   | Gained mutation: Armour fits poorly on your strangely shaped body. [potion of mutation]
 22095 | Lair:1   | Gained mutation: You have very sharp teeth. [potion of mutation]
 22095 | Lair:1   | Gained mutation: Your muscles are strong. (Str +2) [potion of mutation]
 22215 | Lair:1   | Got a bound pewter amulet
 22779 | Lair:1   | Identified the amulet "Ytofu" {Regen+ Str+6} (You found it on level 1 of the Lair of Beasts)
 23186 | Lair:2   | Found a staircase to the Swamp.
 24435 | Lair:3   | Found a hole to the Spider Nest.
 24997 | Lair:3   | Reached skill level 23 in Axes
 25145 | Lair:3   | Reached ****** piety under Trog
 25761 | Lair:4   | Received a gift from Trog
 25805 | Lair:4   | Reached XP level 15. HP: 121/126 MP: 15/15
 26250 | Lair:5   | Found an iron altar of Okawaru.
 26292 | Lair:5   | Reached skill level 24 in Axes
 26311 | Lair:5   | Received a gift from Trog
 26475 | Lair:5   | Found a staircase to the Slime Pits.
 27160 | Lair:6   | Entered Level 6 of the Lair of Beasts
 27825 | Lair:6   | Reached skill level 25 in Axes
 29035 | Orc:1    | Entered Level 1 of the Orcish Mines
 29046 | Orc:1    | Received a gift from Trog
 29052 | Orc:1    | Got a polished war axe {god gift}
 29073 | Orc:1    | Identified the +3 war axe "Siummo Xees" {protect, rElec rC- Str-2 Dex+9} (Trog gifted it to you on level 1 of the Orcish Mines)
 29140 | Orc:1    | Found a roughly hewn altar of Beogh.
 29148 | Orc:1    | Reached skill level 26 in Axes
 29388 | Orc:1    | Reached XP level 16. HP: 134/134 MP: 5/16
 29454 | Orc:2    | Entered Level 2 of the Orcish Mines
 29454 | Orc:2    | Found Qaocris's Antique Armour Shop.
 29457 | Orc:2    | Found Ywioxu's Armour Boutique.
 29502 | Orc:2    | Found a frozen archway.
 29524 | IceCv    | Entered an ice cave
 29795 | IceCv    | Received a gift from Trog
 30006 | IceCv    | Noticed nht's ghost (journeyman FoHu)
 30015 | IceCv    | Killed nht's ghost
 30224 | IceCv    | Got a steaming helmet
 30227 | IceCv    | Got a glittering lapis lazuli ring
 30252 | IceCv    | Identified the -5 helmet of the Unbroken {Int+4} (You found it in an ice cave)
 30264 | IceCv    | Identified the ring "Foluvuax" {rPois rC- rN+ Int+5} (You found it in an ice cave)
 30362 | Orc:2    | Found Lenegara's Food Boutique.
 30382 | Orc:2    | Bought the +2 hat of Love and Death {rC+ Slay+5 SInv} for 638 gold pieces
 30406 | Orc:2    | Noticed Josephine
 30410 | Orc:2    | Paralysed by an orc sorcerer for 6 turns
 30418 | Orc:2    | Killed Josephine
 30632 | Orc:2    | Bought a slimy chain mail for 285 gold pieces
 30632 | Orc:2    | Bought a pair of runed boots for 225 gold pieces
 30652 | Orc:2    | Identified the cursed +1 chain mail of the Farrier {rElec rN++ Int-3} (You bought it in a shop on level 2 of the Orcish Mines)
 30674 | Orc:2    | Found a staircase to the Elven Halls.
 30780 | Orc:2    | Paralysed by an orc sorcerer for 5 turns
 30783 | Orc:2    | HP: 8/208 [orc warrior/trident of venom (4)]
 30783 | Orc:2    | Annihilated by an orc warlord

Vault maps used:
D:1:      dpeg_arrival_shrine
D:2:      uniq_terence
D:3:      elyvilon_altar_1, minmay_misc_feat_four_crosses, patterned_corridor
D:4:      first_bread
D:5:      tso_metal_star, grunt_temple_overflow_open, led_xom_imps,
          uniq_eustachio
D:6:      kennysheep_mini, minmay_temple_entry_purple_smoke, serial_shops, shop,
          uniq_blork_the_orc, uniq_duvessa, uniq_grinder, uniq_menkaure
D:7:      old_standard_altar, grunt_livestock
D:8:      fiery_altar_vehumet, serial_shops, shop, basic_altar,
          uniq_prince_ribbit1
D:9:      tgw_sif, eino_small_chamber_without_monster, uniq_maurice
D:10:     feat_on_display, uniq_joseph, uniq_snorg
D:11:     david_lair_generic, erik_orc_2
D:13:     lightli_vaults_fourway_checkpoint, fountainhead,
          minmay_protected_statue, uniq_sonja
D:14:     corexii_hall_statues_i, enter_trove_6, grunt_ministairs_11,
          nrook_mini_vaults
D:15:     grunt_enter_depths_snipers, lab_entry_generic, serial_bayou_lagoon_a
Lair:1:   lemuel_fruit_tree
Lair:2:   swamp_mist_pool, grunt_forest_large_clearing_hut
Lair:3:   nicolae_spider_entry_tight_spaces, minmay_lair_oklob_chamber
Lair:5:   minmay_slime_entry_oklob_enclosed, basic_altar
Lair:6:   evilmike_catoblepas_cave, st_stairs_13, kennysheep_rathole,
          serial_bayou_shore_b, grunt_megastairs_5, serial_bayou_shore_a,
          serial_bayou_shore_b
Orc:1:    bh_open_orc_temple
Orc:2:    st_orc_congregation, serial_shops, shop, shop_fountains, shop,
          portal_ice_cave_entry_pillars_2, abandoned_shop, uniq_josephine
Lab:      labyrinth_mini_lab, nicolae_lab_stuck, nicolae_lab_flowing_pool,
          nicolae_lab_do_over, nicolae_lab_diamond, labyrinth_skeletal_remains,
          nicolae_lab_dead_end, nicolae_lab_plus, nicolae_lab_swirl
IceCv:    ice_cave_caverns_03

Skill      XL: |  1  2  3  4  5  6  7  8  9 10 11 12 13 14 15 16 |
---------------+-------------------------------------------------+-----
Fighting       | 4 5 6 7 8 10 11 | 11.9
Axes           | 5 6 7 9 10 14 16 19 20 21 23 26 | 26.0
Armour         | 9 10 11 | 11.5
Dodging        | 6 10 | 10.0

Action                   |  1- 3 |  4- 6 |  7- 9 | 10-12 | 13-15 | 16-18 || total
-------------------------+-------+-------+-------+-------+-------+-------++-------
Melee: Hand axe          |    89 |   266 |   194 |       |       |       ||   549
       War axe           |       |       |    42 |   234 |       |       ||   276
       Battleaxe         |       |       |       |   382 |   657 |       ||  1039
       Bite              |       |       |       |       |   104 |    35 ||   139
       Executioner's axe |       |       |       |       |   277 |   191 ||   468
Invok: Berserk           |     2 |     1 |     4 |     9 |    19 |     4 ||    39
       Brothers in Arms  |       |       |       |     2 |     3 |       ||     5
       Trog's Hand       |       |       |       |     2 |     1 |       ||     3
       Burn Spellbooks   |       |       |       |       |     5 |       ||     5
  Use: Scroll            |       |     3 |     9 |       |    19 |     2 ||    33
       Potion            |       |       |     1 |       |     7 |       ||     8
 Stab: Distracted        |       |       |       |       |     2 |       ||     2
       Petrified         |       |       |       |       |     2 |       ||     2
  Eat: Chunk             |     4 |     9 |     9 |    33 |    44 |     8 ||   107
       Fruit             |       |     3 |     1 |     1 |     8 |       ||    13
       Royal jelly       |       |       |     2 |     1 |     1 |       ||     4
       Meat ration       |       |       |       |     1 |     3 |       ||     4
       Bread ration      |       |       |       |       |     1 |       ||     1
Armor: Animal skin       |     8 |       |       |       |       |       ||     8
       Leather armour    |    16 |       |       |       |       |       ||    16
       Plate armour      |       |   158 |   171 |   357 |   535 |    96 ||  1317
       Chain mail        |       |       |       |       |       |    20 ||    20
Dodge: Dodged            |    53 |    59 |    89 |   182 |   651 |   146 ||  1180
Block: Other             |       |       |       |       |    21 |       ||    21
